AoeStats
← tapaswithtitus

Arena

509880865Analyzed
1v1 RM · 5d ago on Sep 28, 2026· 78m 0s· 2 players
Game mode
Random Map
Map size
Tiny (2 player)
Population
200
Speed
Normal
Resources
Standard
Victory
Conquest
Starting age
Dark Age
Ending age
Imperial Age
RankedLock teamsTeams togetherTeam positionsShared explorationLock speedFull tech treeHidden civsTurbo modeCheats
Victory
Defeat
🇬🇧 Varangians · United Kingdom
1188
+17
🇨🇳 Saxons · China
1212
-17
Adam
10:10 Feudal Age
13:44 Castle Age
12:17 Double-Bit Axe
13:01 Horse Collar
15:51 Wheelbarrow
15:03 Loom
17:28 Bow Saw
18:50 Heavy Plow
28:03 Wheelbarrow
29:04 Gold Mining
29:48 Fletching
30:36 Hand Cart
30:09 Town Watch
32:47 Bloodlines
35:21 Imperial Age
33:13 Forging
33:09 Scale Barding Armor
33:55 Town Patrol
34:23 Masonry
34:33 Ballistics
34:54 Iron Casting
33:52 Elite Skirmisher
34:24 Vendel Legacy
35:57 Cavalier
38:45 Conscription
39:42 Chemistry
39:14 Architecture
39:24 Chain Barding Armor
40:04 Blast Furnace
39:58 Padded Archer Armor
39:54 Bodkin Arrow
39:47 Cranequins
42:21 Plate Barding Armor
41:10 Heavy Mounted Crossbowman
41:42 Treadmill Crane
45:04 Leather Archer Armor
46:43 Murder Holes
46:39 Light Cavalry
47:21 Husbandry
47:24 Bracer
47:54 Ring Archer Armor
47:49 Hussar
48:25 Stone Mining
49:54 Herbal Medicine
53:21 Siege Engineers
57:41 Fortified Wall
58:33 Elite Jarl
59:29 Capped Ram
61:32 Two-Man Saw
62:58 Siege Ram
70:01 Scale Mail Armor
70:05 Squires
69:39 Elite Varangian Guard
70:06 Gambesons
70:59 Gothikon
73:23 Arson
74:23 Chain Mail Armor
78:43 Plate Mail Armor
tapaswithtitus
10:06 Feudal Age
11:44 Loom
14:51 Castle Age
13:18 Double-Bit Axe
14:27 Horse Collar
15:31 Loom
15:56 Light Cavalry
23:34 Town Watch
26:19 Wheelbarrow
26:45 Heavy Plow
27:09 Bow Saw
32:15 Imperial Age
30:08 Gold Mining
30:36 Hand Cart
30:58 Scale Mail Armor
31:08 Forging
32:29 Squires
32:14 Gambesons
32:15 Arson
33:29 Conscription
33:48 Fletching
34:50 Capped Ram
36:19 Crop Rotation
35:51 Shield Wall
36:52 Pikeman
38:11 Hoardings
37:42 Halberdier
38:32 Bodkin Arrow
38:39 Elite Hearth Troop
39:13 Elite Varangian Guard
46:15 Siege Ram
56:02 Two-Man Saw
63:24 Elite Skirmisher
64:30 Padded Archer Armor
71:05 Thumb Ring
73:52 Chemistry
73:12 Ballistics
73:25 Ballistics
73:44 Chain Mail Armor
74:04 Iron Casting
75:01 Siege Engineers
77:24 Plate Mail Armor
77:29 Iron Casting
78:39 Iron Casting
78:24 Leather Archer Armor
Connection lost

Rejoining the realm…

Still unreachable

The connection could not be restored.

Session expired

The server has moved on; the page needs a fresh start.